 Dungeon Crawl Stone Soup version 0.27.1-33-g824d729ab1 (webtiles) character file.

Game seed: 140273072883460981

63 SensoryNuts the Ducker (level 3, -4/36 HPs)
             Began as a Troll Monk on Dec 7, 2021.
             Was a Priest of Sif Muna.
             Killed from afar by a dart slug (5 damage)
             ... with a slug dart
             ... on level 2 of the Dungeon.
             The game lasted 00:01:17 (564 turns).

SensoryNuts the Ducker (Troll Monk)                  Turns: 564, Time: 00:01:17

Health: -4/36      AC:  4    Str: 20    XL:     3   Next: 87%
Magic:  2/2        EV: 10    Int:  6    God:    Sif Muna [***...]
Gold:   53         SH:  0    Dex: 12    Spells: 2/2 levels left

rFire    . . .     SeeInvis .   a - +0 mace
rCold    . . .     Faith    .   (no shield)
rNeg     . . .     Spirit   .   b - +0 robe
rPois    .         Reflect  .   (helmet restricted)
rElec    .         Harm     .   (no cloak)
rCorr    .         Rampage  .   (gloves unavailable)
Will     .....                  (boots unavailable)
Stlth    ++........             (no amulet)
HPRegen  1.12/turn              (no ring)
MPRegen  0.08/turn              (no ring)

@: no status effects
A: large, unfitting armour, claws 3, regeneration 1, shaggy fur 1, tough skin 1
a: Renounce Religion, Channel Magic, Forget Spell


You were on level 2 of the Dungeon.
You worshipped Sif Muna.
Sif Muna was most pleased with you.
You visited 1 branch of the dungeon, and saw 2 of its levels.

You collected 53 gold pieces.

Inventory:

Hand Weapons
 a - a +0 mace (weapon)
Armour
 b - a +0 robe (worn)
Scrolls
 c - a scroll of identify {unknown}
Potions
 d - a potion of heal wounds {unknown}


   Skills:
 + Level 2.9 Fighting
 + Level 3.2 Maces & Flails
 + Level 3.2 Dodging
 + Level 1.0 Stealth


You had 2 spell levels left.
You didn't know any spells.
Your spell library was empty.

Dungeon Overview and Level Annotations

Branches:
Dungeon (1/15)

Altars:
Sif Muna


Innate Abilities, Weirdness & Mutations

You are too large for most types of armour.
You have claws for hands.
Your natural rate of healing is unusually fast.
You are covered in fur. (AC +1)
You have tough skin. (AC +1)


Message History

The kobold burns you. The goblin barely misses you.
You closely miss the adder.
The adder is almost dead.
You feel sick. The adder bites you but does no damage.
The kobold hits you but does no damage. The goblin hits you but does no damage.
The adder closely misses you.
You miss the adder.
The adder is almost dead.
You feel sick. The kobold barely misses you.
The goblin hits you but does no damage. The adder barely misses you.
You closely miss the adder.
The adder is almost dead.
You feel sick.
You are no longer poisoned.
The adder bites you but does no damage. The kobold hits you but does no damage.
The goblin barely misses you. The adder bites you.
* * * LOW HITPOINT WARNING * * *
You sock the adder!
You kill the adder!
Sif Muna accepts your kill. The bat hits you but does no damage.
The bat misses you.
The kobold hits you with a +0 whip of flaming.
* * * LOW HITPOINT WARNING * * *
The kobold burns you.
* * * LOW HITPOINT WARNING * * *
The goblin hits you with a +0 dagger.
* * * LOW HITPOINT WARNING * * *
The kobold barely misses you. The goblin hits you but does no damage.
You closely miss the kobold. The bat misses you. The kobold misses you.
The goblin hits you with a +0 dagger.
* * * LOW HITPOINT WARNING * * *
You closely miss the kobold.
The kobold hits you with a +0 whip of flaming.
* * * LOW HITPOINT WARNING * * *
The kobold burns you.
* * * LOW HITPOINT WARNING * * *
The goblin hits you but does no damage. The dart slug launches a dart at you.
The slug dart hits you.
You die...

...........#....# #####
.....#†....#....####......
.....#.....#...†..........
.... #.....####...........
.... ......+............#
###....####.........#
........'.........+
......###.........#
.....bw@.......##.
......gK#......#
........#......#
...............#
.................
..................
.........######....
.....#.... ....


You could see a dart slug, a goblin, a bat and a kobold.

Vanquished Creatures
  2 adders (D:2)
  2 worms (D:2)
  A bat (D:1)
  2 endoplasms (D:1)
  A giant cockroach (D:2)
  2 goblins (D:1)
  8 hobgoblins
  5 jackals (D:1)
  2 quokkas (D:1)
  3 ball pythons (D:1)
  5 frilled lizards
  A kobold (D:1)
  2 rats (D:1)
36 creatures vanquished.

Vanquished Creatures (others)
  A fungus (D:1)
  2 plants (D:1)
3 creatures vanquished.

Grand Total: 39 creatures vanquished

Notes
Turn   | Place    | Note
-------+----------+-------------------------------------------
     0 | D:1      | SensoryNuts the Troll Monk began the quest for the Orb.
     0 | D:1      | Reached XP level 1. HP: 22/22 MP: 0/0
    36 | D:1      | Reached XP level 2. HP: 9/29 MP: 1/1
    71 | D:1      | Found a faded altar of an unknown god.
   118 | D:1      | Became a worshipper of Sif Muna the Loreminder
   118 | D:1      | Reached * piety under Sif Muna
   118 | D:1      | Reached ** piety under Sif Muna
   241 | D:1      | Reached *** piety under Sif Muna
   376 | D:1      | Reached XP level 3. HP: 36/36 MP: 2/2
   464 | D:1      | You fall into a shaft and drop 1 floor!
   564 | D:2      | HP: 1/36 [kobold (3)]
   564 | D:2      | Killed from afar by a dart slug

Illustrated notes

Levels and vault maps discovered:
D:1:      minmay_arrival_plants_in_alcoves, layout_rooms,
          shapermc_ecumenical_altar_ellora, chequers_garden
D:2:      layout_basic, basic_altar

Skill      XL: |  1  2  3 |
---------------+----------+-----
Dodging        | 3 |  3.2
Maces & Flails | 3 |  3.2
Fighting       | |  2.9
Stealth        | |  1.0

Action                   || total
-------------------------++-------
Melee: Mace              ||   136
Armor: Robe              ||   101
Dodge: Dodged            ||   161
